 Dungeon Crawl Stone Soup version 0.31-a0-267-g3fc6992b3b (webtiles) character file.

Game seed: 15503822801820805663

87 qw the Shooter (level 4, 0/36 HPs)
             Began as a Minotaur Hexslinger on July 14, 2023.
             Slain by Ijyb
             ... wielding a +0 club
              (2 damage)
             ... on level 3 of the Dungeon.
             The game lasted 00:00:46 (2428 turns).

qw the Shooter (Minotaur Hexslinger)                Turns: 2428, Time: 00:00:47

Health: 0/36       AC:  2    Str: 13    XL:     4   Next: 28%
Magic:  0/4        EV: 12    Int: 10    God:
Gold:   52         SH:  0    Dex: 14    Spells: 4/5 levels left

rFire   . . .        Y - +1 sling
rCold   . . .        (no shield)
rNeg    . . .        c - +0 robe
rPois   .            (helmet restricted)
rElec   .            (no cloak)
rCorr   .            (no gloves)
SInv    .            (no boots)
Will    .....        d - amulet of guardian spirit
Stlth   +            (no ring)
HPRegen 0.26/turn    (no ring)
MPRegen 0.09/turn

%: guardian spirit
@: no status effects
A: horns 2, retaliatory headbutt
a: no special abilities


You were on level 3 of the Dungeon.
You visited 1 branch of the dungeon, and saw 3 of its levels.

You collected 72 gold pieces.
You spent 20 gold pieces at shops.


Innate Abilities, Weirdness & Mutations

You have a pair of horns on your head.
You reflexively headbutt those who attack you in melee.


   Skills:
 - Level 2.0 Fighting
 + Level 4.8 Ranged Weapons
 - Level 2.1 Dodging
 - Level 1.0 Spellcasting
 - Level 2.0 Hexes


You had 4 spell levels left.
You knew the following spells:

 Your Spells              Type           Power      Damage    Failure   Level
a - Slow                  Hex            16%        N/A       16%         1

Your spell library contained the following spells:

 Spells                   Type           Power      Damage    Failure   Level
 Inner Flame              Hex/Fire       2%         N/A       56%         3
 Portal Projectile        Hex/Tloc       4%         N/A       56%         3
 Cause Fear               Hex            2%         N/A       83%         4

Inventory:

Hand Weapons
 Y - a +1 sling (weapon)
Armour
 c - a +0 robe (worn)
Jewellery
 d - an amulet of guardian spirit (around neck)
Scrolls
 a - 2 scrolls of identify
 e - 2 scrolls of fear {unknown}
Potions
 b - 2 potions of curing
 f - a potion of enlightenment
 g - a potion of cancellation {unknown}

Dungeon Overview and Level Annotations

Branches:
Dungeon (3/15)

Altars:
Xom

Shops:
D:2 ?

Annotations:
D:2 1 runed translucent door, Crazy Yiuf
D:3 Ijyb


Message History

Ijyb is lightly wounded.
Ijyb zaps a wand.
You suddenly lose the ability to move!
Ijyb hits you with a +0 club. Ijyb hits you but does no damage.
Ijyb hits you with a +0 club.
Ijyb zaps a wand.
You shrug off the repeated paralysis!
You can move again.
You shoot a sling bullet.
The sling bullet hits Ijyb but does no damage.
Ijyb is lightly wounded.
Ijyb hits you with a +0 club.
You shoot a sling bullet. The sling bullet closely misses Ijyb.
Ijyb barely misses you.
You shoot a sling bullet. The sling bullet barely misses Ijyb.
Ijyb hits you with a +0 club.
You shoot a sling bullet. The sling bullet hits Ijyb.
Ijyb is moderately wounded.
Ijyb closely misses you.
You shoot a sling bullet.
The sling bullet hits Ijyb but does no damage.
Ijyb is moderately wounded.
Ijyb zaps a wand.
You resist with some effort.
You shoot a sling bullet. The sling bullet closely misses Ijyb.
Ijyb zaps a wand.
You resist with some effort. Ijyb hits you with a +0 club.
You shoot a sling bullet.
The sling bullet hits Ijyb but does no damage.
Ijyb is moderately wounded.
Ijyb zaps a wand.
You resist with some effort.
You shoot a sling bullet. The sling bullet hits Ijyb.
Ijyb is heavily wounded.
Ijyb barely misses you.
You shoot a sling bullet.
The sling bullet completely misses Ijyb.
Ijyb closely misses you.
You shoot a sling bullet. The sling bullet closely misses Ijyb.
Ijyb closely misses you.
You shoot a sling bullet.
The sling bullet completely misses Ijyb.
Ijyb hits you with a +0 club.
You die...

....# ##....#####.#..##.##.#.#
....#####..........#...#.##...#
...............>.#####.#.#
....#######.####...#.....#
##### #.# #.#.#.###### # #.#
#.#.)........ #.# #.##########.
#.# ##.## #.# #.@.# #.# #.#g#
#[###.#.# #.....#.. #..#######
#.....#.. #.....#.# #####.#.#
#...#


You could see Ijyb.

Vanquished Creatures
  3 adders
  2 worms (D:3)
  A dart slug (D:3)
  An orc (D:3)
  9 endoplasms
  2 giant cockroaches
  5 goblins
  4 hobgoblins
  4 kobolds
  6 ball pythons
  6 bats
  3 frilled lizards
  5 rats
51 creatures vanquished.

Notes
Turn   | Place    | Note
-------+----------+-------------------------------------------
     0 | D:1      | qw the Minotaur Hexslinger began the quest for the Orb.
     0 | D:1      | Reached XP level 1. HP: 16/16 MP: 1/1
     0 | D:1      | 0 ||| qw: Version: 0.3-a-52-g30416fa
     0 | D:1      | 0 ||| qw: Game counter: 7827
     0 | D:1      | 0 ||| qw: Melee chars always use a shield: true
     0 | D:1      | 0 ||| qw: God list: Okawaru
     0 | D:1      | 0 ||| qw: Allow faded altars: false
     0 | D:1      | 0 ||| qw: Do Orc after clearing Dungeon:15 true
     0 | D:1      | 0 ||| qw: Do second Lair branch before Depths: true
     0 | D:1      | 0 ||| qw: Lair rune preference: random
     0 | D:1      | 0 ||| qw: Goals: Normal
     0 | D:1      | 0 ||| PLANNING D:1-11
   183 | D:1      | Reached skill level 3 in Ranged Weapons
   183 | D:1      | Reached XP level 2. HP: 22/23 MP: 2/2
   199 | D:1      | Found a faded altar of an unknown god.
   205 | D:1      | 205 ||| Stepping ~*~*~tactically~*~*~ (water).
   207 | D:1      | 207 ||| Stepping ~*~*~tactically~*~*~ (water).
   819 | D:1      | 819 ||| UPGRADING to amulet of guardian spirit.
   824 | D:1      | 824 ||| READING scroll labelled RIACUL JINK.
   825 | D:1      | 825 ||| DROPPING scroll of poison.
   977 | D:2      | Reached XP level 3. HP: 19/29 MP: 3/3
  1202 | D:2      | Found Uceoxink's Magic Scroll Shop.
  1206 | D:2      | 1206 ||| BUYING scroll of identify (20 gold).
  1206 | D:2      | Bought a scroll of identify for 20 gold pieces
  1206 | D:2      | 1206 ||| SHOPLISTING scroll of identify (20 gold, have 13).
  1349 | D:2      | Reached skill level 4 in Ranged Weapons
  1470 | D:2      | Found a runed translucent door.
  1471 | D:2      | Noticed Crazy Yiuf
  1834 | D:2      | 1834 ||| READING 3 scrolls of identify.
  1834 | D:2      | 1834 ||| IDENTIFYING yellow potion
  1835 | D:2      | 1835 ||| READING 2 scrolls of identify.
  1835 | D:2      | 1835 ||| IDENTIFYING fizzy inky potion
  2066 | D:3      | Reached XP level 4. HP: 36/36 MP: 4/4
  2074 | D:3      | Found a shimmering altar of Xom.
  2352 | D:3      | Identified the +2 scale mail of Claustrophobia {Rampage
                  | rN+}
  2392 | D:3      | Noticed Ijyb
  2395 | D:3      | Paralysed by Ijyb for 5 turns
  2401 | D:3      | Paralysed by Ijyb for 3 turns
  2414 | D:3      | Paralysed by Ijyb for 4 turns
  2414 | D:3      | HP: 8/36 [Ijyb/+0 club (5)]
  2420 | D:3      | HP: 3/36 [Ijyb/+0 club (4)]
  2423 | D:3      | HP: 1/36 [Ijyb/+0 club (3)]
  2428 | D:3      | Slain by Ijyb

Levels and vault maps discovered:
D:1:      zaba_arrival_water, layout_basic,
          hellmonk_ecumenical_altar_pennies_from_heaven, minivault_19
D:2:      layout_loops_corners, serial_shops, shop, uniq_crazy_yiuf_cottage
D:3:      layout_loops_ring, xom_teletrap_fun, st_stairs_13, uniq_natasha,
          uniq_ijyb

Skill      XL: |  1  2  3 |
---------------+----------+-----
Ranged Weapons | 3 4 |  4.8
Fighting       | 2 |  2.0
Dodging        | |  2.1
Spellcasting   | |  1.0
Hexes          | |  2.0

Action                     |  1- 3 |  4- 6 || total
---------------------------+-------+-------++-------
   Fire: Sling             |   115 |    60 ||   175
    Use: Scroll            |     3 |       ||     3
 Armour: Robe              |     4 |     2 ||     6
  Dodge: Dodged            |    24 |    10 ||    34

Table legend:
 A = Non-vault XP
 B = Vault XP
 C = Vault XP percentage of total XP
 D = Non-vault monster count
 E = Vault monster count
 F = Vault count percentage of total count
                 A         B        C        D         E       F
            +---------+---------+-------+---------+---------+-------
      Total |     123 |       2 |   1.6 |      50 |       1 |   2.0
            +---------+---------+-------+---------+---------+-------
        D:1 |      30 |       0 |   0.0 |      19 |       0 |   0.0
        D:2 |      52 |       0 |   0.0 |      19 |       0 |   0.0
        D:3 |      41 |       2 |   4.7 |      12 |       1 |   7.7
            +---------+---------+-------+---------+---------+-------
